 Dungeon Crawl Stone Soup version 0.29-a0-103-g37f86683bf (webtiles) character file.

Game seed: 7748031385688778912

28 kae the Ruffian (level 3, -4/29 HPs)
             Began as a Draconian Transmuter on Feb 15, 2022.
             Slain by a goblin (5 damage)
             ... led by Robin
             ... on level 2 of the Dungeon.
             The game lasted 00:00:29 (1526 turns).

kae the Ruffian (Draconian Transmuter)              Turns: 1526, Time: 00:00:30

Health: -4/29      AC:  5    Str: 12    XL:     3   Next: 0%
Magic:  5/6        EV: 12    Int: 15    God:
Gold:   61         SH:  0    Dex: 11    Spells: 5/6 levels left

rFire   . . .      SeeInvis .     - Unarmed
rCold   . . .      Faith    .   (no shield)
rNeg    . . .      Spirit   .   (armour unavailable)
rPois   .          Reflect  .   (helmet currently unavailable)
rElec   .          Harm     .   (no cloak)
rCorr   .          Rampage  .   (no gloves)
Will    .....                   (boots currently unavailable)
Stlth   +.........              (no amulet)
HPRegen 0.09/turn               (no ring)
MPRegen 0.10/turn               (no ring)

@: lethally poisoned (-4 -> -6), appendages (expiring)
A: horns 2, talons 2, AC +5, unfitting armour, cold-blooded
a: End Transformation


You were on level 2 of the Dungeon.
You had temporarily grown beastly horns and talons.
You visited 1 branch of the dungeon, and saw 2 of its levels.

You collected 61 gold pieces.

Inventory:

Wands
 c - a wand of acid (7)
Scrolls
 a - a scroll of identify
 b - 2 scrolls of holy word


   Skills:
 + Level 1.6 Fighting
 + Level 2.0 Dodging
 * Level 3.3 Unarmed Combat
 + Level 2.1 Spellcasting
 * Level 2.5 Transmutations


You had 5 spell levels left.
You knew the following spells:

 Your Spells              Type           Power      Damage    Failure   Level
a - Beastly Appendage     Tmut           18%        N/A       8%          1

Your spell library contained the following spells:

 Spells                   Type           Power      Damage    Failure   Level
 Wereblood                Tmut           9%         N/A       12%         2
 Spider Form              Tmut/Pois      5%         N/A       36%         3
 Ice Form                 Ice/Tmut       5%         N/A       78%         4


Dungeon Overview and Level Annotations

Branches:
Dungeon (2/15)

Altars:

Annotations:
D:2 Robin


Innate Abilities, Weirdness & Mutations

You have temporarily grown beastly horns and talons.
Your plain brown scales are hard. (AC +5)
You cannot fit into any form of body armour.
You are cold-blooded and may be slowed by cold attacks.


Message History

The goblin hits you with a +1 dagger of venom.
You are poisoned.
A goblin comes into view. It is wielding a +0 dagger.
You hit the goblin.
You kill the goblin!
You feel very sick.
Robin roars a battlecry!
You hear a shout!
You have reached level 3!
Your experience leads to an increase in your attributes!
Increase (S)trength, (I)ntelligence, or (D)exterity?
You feel clever. x2; Your scales feel tougher.
You feel very sick.
A hobgoblin comes into view.
You feel sick.
A goblin comes into view. It is wielding a +0 dagger.
Robin throws the goblin at you!
You closely miss the goblin. Your kick misses the goblin.
You feel sick. The goblin hits you but does no damage.
You barely miss the goblin. Your headbutt misses the goblin.
You punch the goblin, but do no damage.
You feel sick. The goblin hits you with a +0 dagger. Robin closely misses you.
You hit the goblin but do no damage. Your kick misses the goblin.
You feel sick. The goblin closely misses you.
Robin roars a battlecry!
The goblins go into a battle-frenzy!
You closely miss the goblin. Your kick misses the goblin.
You feel sick. The hobgoblin hits you.
* * * LOW HITPOINT WARNING * * *
A goblin comes into view. It is wielding a +0 dagger.
The goblin hits you with a +0 dagger.
* * * LOW HITPOINT WARNING * * *
Robin closely misses you.
You hit the goblin. Your headbutt misses the goblin.
The goblin is heavily wounded.
* * * LOW HITPOINT WARNING * * *
You feel sick.
A hobgoblin comes into view.
The hobgoblin closely misses you. The goblin hits you with a +0 dagger.
You die...

.. ##÷.##### .. #......#
#....#... .# #############......#
#....#.## .# #..........##......#
#....#... .# #..........##......#
#....#.## .# #..........##......#
#....###. .# #..........##......+
#......'.
.###.......<..##......#.#..#.###.
...............g@gg)....#....# #.
.###..........##.g).g.#g##...# #.
.# #..........#######.# #...# #.
.# #..........# # #...# #. .#
########...# #...# #. ## #...#
#...# #. #†..# #. #...# .####.
#...# ......


You could see Robin, 2 hobgoblins and 3 goblins.

Vanquished Creatures
  5 ball pythons (D:1)
  3 endoplasms
  5 goblins
  2 hobgoblins (D:1)
  3 quokkas
  A bat (D:2)
  2 frilled lizards
  A kobold (D:1)
  4 rats
26 creatures vanquished.

Notes
Turn   | Place    | Note
-------+----------+-------------------------------------------
     0 | D:1      | kae the Draconian Transmuter began the quest for the Orb.
     0 | D:1      | Reached XP level 1. HP: 16/16 MP: 3/3
   195 | D:1      | Found a faded altar of an unknown god.
   315 | D:1      | Reached XP level 2. HP: 21/23 MP: 5/5
  1517 | D:2      | Noticed Robin
  1520 | D:2      | Reached XP level 3. HP: 20/29 MP: 4/6
  1526 | D:2      | HP: 1/29 [poisoned by a goblin]
  1526 | D:2      | Slain by a goblin

Illustrated notes

Levels and vault maps discovered:
D:1:      ncdulo_watergridlock, layout_rooms,
          hellmonk_ecumenical_altar_arch_garden
D:2:      layout_basic, uniq_robin

Skill      XL: |  1  2 |
---------------+-------+-----
Dodging        | 2 |  2.0
Fighting       | |  1.6
Unarmed Combat | |  3.3
Spellcasting   | |  2.1
Transmutations | |  2.5

Action                   || total
-------------------------++-------
Melee: Unarmed           ||    65
       Kick              ||     7
       Headbutt          ||     7
       Tailslap          ||     4
       Punch             ||     4
 Cast: Beastly Appendage ||    15
  Use: Scroll            ||     1
Armor: Skin              ||    19
Dodge: Dodged            ||    49

Table legend: (Time is in decaauts)
 A = Elapsed time spent in this place.
 B = Non-inter-level travel time spent in this place.
 C = Inter-level travel time spent in this place.
 D = Time resting spent in this place.
 E = Time spent auto-exploring this place.
 F = Levels seen in this place.
 G = Mean time per level.
                   A        B        C        D        E       F      G
               +--------+--------+--------+--------+--------+-----+--------+
         Total |   1523 |   1513 |     10 |      0 |   1331 |   2 |  761.5 |
       Dungeon |   1523 |   1513 |     10 |      0 |   1331 |   2 |  761.5 |
               +--------+--------+--------+--------+--------+-----+--------+

Top non-repeatable levels by time:
     D:1: 890 daAuts
     D:2: 632 daAuts
